 Dungeon Crawl Stone Soup version 0.25-a0-464-g3004169c2b (webtiles) character file.

Game seed: 5656045155935682587, levelgen mode: deterministic

5268 mopl the Cleaver (level 10, -5/91 HPs)
             Began as a Deep Dwarf Gladiator on Feb 5, 2020.
             Was a Priest of Makhleb.
             Slain by a two-headed ogre
             ... wielding a +0 giant spiked club
              (6 damage)
             ... on level 9 of the Dungeon.
             The game lasted 00:16:42 (6242 turns).

mopl the Cleaver (Deep Dwarf Gladiator)             Turns: 6242, Time: 00:16:43

Health: -5/91      AC: 15    Str: 21    XL:     10   Next: 36%
Magic:  11/11      EV:  6    Int: 11    God:    Makhleb [***...]
Gold:   206        SH:  7    Dex: 14    Spells: 9/9 levels left

rFire    . . .     SeeInvis .   b - +1 hand axe (venom)
rCold    . . .     Gourm    .   t - +0 shield
rNeg     . . .     Faith    .   E - +0 plate armour
rPois    .         Spirit   .   f - +0 helmet
rElec    .         Reflect  .   i - +0 cloak
rCorr    .         Harm     .   v - +0 pair of gloves
MR       +....                  (no boots)
Stlth    ..........             k - amulet of magic regeneration
HPRegen  0.00/turn              H - +2 ring of intelligence
MPRegen  0.37/turn              (no ring)

@: non-regenerating
A: damage resistance, heal wounds, sense surroundings 2, no regeneration
a: Heal Wounds, Minor Destruction, Lesser Servant of Makhleb, Renounce Religion


You were on level 9 of the Dungeon.
You worshipped Makhleb.
Makhleb was most pleased with you.
You were not hungry.

You visited 2 branches of the dungeon, and saw 10 of its levels.
You also visited: Ossuary.

You collected 470 gold pieces.
You spent 264 gold pieces at shops.

Inventory:

Hand Weapons
 a - a +0 war axe
 b - a +1 hand axe of venom (weapon)
 u - a +1 hand axe of draining
 J - a +2 flail of venom
Missiles
 d - 3 throwing nets
 y - 9 boomerangs (quivered)
 A - 9 poisoned darts
Armour
 f - a +0 helmet (worn)
 i - a +0 cloak (worn)
 t - a +0 shield (worn)
 v - a +0 pair of gloves (worn)
 E - a +0 plate armour (worn)
Jewellery
 k - an amulet of magic regeneration (around neck)
 H - a +2 ring of intelligence (left hand)
Wands
 K - a wand of paralysis (1)
 O - a wand of scattershot (5)
Scrolls
 e - 2 scrolls of enchant weapon {unknown}
 h - 6 scrolls of teleportation
 j - 4 scrolls of random uselessness {unknown}
 q - a scroll of fog {unknown}
 r - 3 scrolls of amnesia {unknown}
 s - 3 scrolls of enchant armour {unknown}
 w - 3 scrolls of magic mapping {unknown}
 x - 2 scrolls of fear {unknown}
 z - 3 scrolls of blinking {unknown}
 F - 5 scrolls of remove curse {unknown}
 G - 2 scrolls of noise {unknown}
Potions
 g - 2 potions of might
 l - 2 potions of magic
 m - a potion of berserk rage {!q}
 n - 3 potions of lignification {!q}
 o - 2 potions of heal wounds
 p - 7 potions of curing
 B - 2 potions of cancellation
 C - 3 potions of flight
 D - 2 potions of agility
 L - a potion of brilliance
 M - a potion of haste
 N - a potion of invisibility
Comestibles
 c - 22 rations
 I - 3 chunks of flesh


   Skills:
 + Level 6.1 Fighting
 * Level 12.0 Axes
 - Level 1.7 Throwing
 + Level 4.3 Armour
 + Level 5.7 Dodging
 + Level 8.4 Invocations


You had 9 spell levels left.
You didn't know any spells.
Your spell library contained the following spells:

 Spells                   Type           Power        Failure   Level  Hunger
 Bolt of Magma            Conj/Fire/Erth #.........   100%        5    ######.
 Iskenderun's Battlesphe  Conj/Chrm      #.......     100%        5    ######.
 Iron Shot                Conj/Erth      #.........   100%        6    #######
 Orb of Destruction       Conj           #.........   100%        7    #######
 Spellforged Servitor     Conj/Summ      #.........   100%        7    #######


Dungeon Overview and Level Annotations

Branches:
Dungeon (9/15)             Temple (1/1) D:4         Ossuary (visited)
   Lair: D:8-11         Orc: D:9-12

Altars:
Ashenzari
Cheibriados
Dithmenos
Elyvilon
Fedhas
Gozag
Hepliaklqana
Kikubaaqudgha
Makhleb
Nemelex Xobeh
Okawaru
Qazlal
Sif Muna
Uskayaw
Vehumet
Wu Jian
Xom
Yredelemnul
Zin
The Shining One
Lugonu

Shops:
D:6 !

Annotations:
D:4 3 runed translucent doors, Grizz's ghost, amateur MiFi
D:7 Joseph; Pikel
D:8 3 runed translucent doors, Gruesome's ghost, novice DrTm


Innate Abilities, Weirdness & Mutations

You are resistant to damage.
You can heal yourself by infusing magical energy.
You passively map the area around you.
You do not regenerate.


Message History

The two-headed ogre hits you with a +0 giant club!
* * * LOW HITPOINT WARNING * * *
You feel much better.
You hit the two-headed ogre but do no damage.
The two-headed ogre looks even sicker.
The two-headed ogre is moderately wounded.
The two-headed ogre hits you with a +0 giant spiked club!!
* * * LOW HITPOINT WARNING * * *
The two-headed ogre closely misses you.
You slash the two-headed ogre!
The two-headed ogre looks as sick as possible!
The two-headed ogre is moderately wounded.
You hit the two-headed ogre.
The two-headed ogre looks as sick as possible!
The two-headed ogre is heavily wounded.
The two-headed ogre hits you with a +0 giant spiked club!!
* * * LOW HITPOINT WARNING * * *
The two-headed ogre hits you but does no damage.
The two-headed ogre hits you with a +0 giant spiked club!
You die...

, ####.## *
,,, * ,
#.....# ** *
,, , #...#.#
, #.$.#.#
,,,, ,,, ,
** #...#.# ,
, * ,
#...#.## * *
, *#...#..##
,
,+,+...+..<#
,*
##...##@##*
* *
*#.....O..#
,
#........#*,
***
#........#
,+ *
########.#*
, , .# * * *
.. ,* , ,
#.# ,,, * **
..


You could see a two-headed ogre.

Vanquished Creatures
  Erica (D:8)
  A hornet (D:8)
  2 hippogriffs
  A spriggan (D:7)
  Eustachio (D:5)
  Grum (D:8)
  Duvessa (D:5)
  A slave (D:7)
  A black bear (D:8)
  3 ice beasts
  2 orc warriors (D:8)
  3 wolves (D:8)
  3 ogres
  3 centaurs
  A big kobold (D:7)
  Dowan (D:5)
  4 bullfrogs (D:7)
  A water moccasin zombie (Ossuary)
  2 scorpions
  9 killer bees
  A bullfrog zombie (D:5)
  2 howler monkeys
  4 crimson imps
  2 hounds
  A jelly (D:8)
  A centaur skeleton (D:5)
  5 orc priests
  2 bullfrog skeletons
  2 iguanas
  6 orc wizards
  6 worker ants
  6 big kobold zombies (Ossuary)
  A hound zombie (D:6)
  A hound skeleton (D:2)
  2 mummies (Ossuary)
  Robin (D:2)
  8 adders
  3 gnolls
  A shadow imp (D:6)
  2 oozes
  4 adder zombies
  2 worms (D:2)
  2 adder skeletons (D:4)
  2 dart slugs (D:1)
  2 leopard geckos (D:1)
  26 orcs
  3 ball pythons
  5 giant cockroaches
  16 goblins
  12 hobgoblins
  5 jackals
  4 quokkas
  12 bats
  5 frilled lizards
  4 hobgoblin zombies (Ossuary)
  2 jackal skeletons (D:4)
  17 kobolds
  4 kobold zombies (Ossuary)
  6 orc zombies (Ossuary)
  A quokka skeleton (D:5)
  10 rats
243 creatures vanquished.

Vanquished Creatures (others)
  An orc (D:3)
  A frilled lizard (D:3)
  2 fungi (D:4)
  2 plants (D:4)
6 creatures vanquished.

Grand Total: 249 creatures vanquished

Notes
Turn   | Place    | Note
-------+----------+-------------------------------------------
     0 | D:1      | mopl the Deep Dwarf Gladiator began the quest for the Orb.
     0 | D:1      | Reached XP level 1. HP: 19/19 MP: 1/1
   143 | D:1      | Reached skill level 4 in Axes
   143 | D:1      | Reached XP level 2. HP: 26/26 MP: 2/2
   275 | D:1      | Reached XP level 3. HP: 30/32 MP: 3/3
   757 | D:2      | Reached skill level 5 in Axes
   851 | D:2      | Reached XP level 4. HP: 32/39 MP: 4/4
   879 | D:2      | Noticed Robin
   892 | D:2      | Killed Robin
  1057 | D:2      | Reached skill level 6 in Axes
  1728 | D:3      | Reached XP level 5. HP: 31/45 MP: 5/5
  2058 | D:3      | Found a radiant altar of Vehumet.
  2217 | D:3      | Found a sparkling altar of Nemelex Xobeh.
  2356 | D:4      | Found a staircase to the Ecumenical Temple.
  2363 | D:4      | Reached skill level 7 in Axes
  2368 | Temple   | Entered the Ecumenical Temple
  2384 | Temple   | Became a worshipper of Makhleb the Destroyer
  2452 | D:4      | Found a glowing golden altar of the Shining One.
  2465 | D:4      | Found a sand-covered staircase.
  2506 | D:4      | Got a scorched steel amulet
  2520 | Ossuary  | Entered an ossuary
  2522 | Ossuary  | Identified the amulet of Pinnoffi {Spirit +Fly rC- Str+2
                  | Int+4} (You found it on level 4 of the Dungeon)
  2547 | Ossuary  | Reached skill level 2 in Fighting
  2547 | Ossuary  | Reached skill level 1 in Invocations
  2562 | Ossuary  | Reached XP level 6. HP: 41/52 MP: 3/6
  2639 | Ossuary  | Reached skill level 2 in Invocations
  2699 | Ossuary  | Reached * piety under Makhleb
  2777 | D:4      | Found a snail-covered altar of Cheibriados.
  2798 | D:4      | Found a runed translucent gate.
  2798 | D:4      | Found a runed translucent gate.
  2798 | D:4      | Identified the +6 whip "Runkoh" {chaos, rElec rF+ Stlth-}
  2799 | D:4      | Found a runed translucent gate.
  2799 | D:4      | Noticed Grizz's ghost (amateur MiFi)
  2869 | D:4      | Found a hazy altar of Hepliaklqana.
  2869 | D:4      | Found a basalt altar of Yredelemnul.
  2951 | D:4      | Reached skill level 8 in Axes
  2951 | D:4      | Reached XP level 7. HP: 36/61 MP: 5/7
  2955 | D:4      | Reached skill level 3 in Invocations
  3074 | D:4      | Found a shattered altar of Ashenzari.
  3159 | D:4      | Found an opulent altar of Gozag.
  3254 | D:5      | Entered Level 5 of the Dungeon
  3324 | D:5      | Reached skill level 3 in Fighting
  3482 | D:5      | Noticed Dowan
  3483 | D:5      | Noticed Duvessa
  3524 | D:5      | Killed Duvessa
  3524 | D:5      | Reached skill level 4 in Invocations
  3528 | D:5      | Killed Dowan
  3584 | D:5      | Noticed Eustachio
  3594 | D:5      | Killed Eustachio
  3594 | D:5      | Reached skill level 9 in Axes
  3594 | D:5      | Reached XP level 8. HP: 35/72 MP: 9/9
  3631 | D:5      | Found a radiant altar of Vehumet.
  3855 | D:5      | Reached skill level 4 in Fighting
  3855 | D:5      | Reached skill level 5 in Invocations
  4177 | D:6      | Reached ** piety under Makhleb
  4210 | D:6      | Found a white marble altar of Elyvilon.
  4270 | D:6      | Reached skill level 10 in Axes
  4302 | D:6      | Reached skill level 6 in Invocations
  4502 | D:6      | Found Yxaeblut's Distillery.
  4519 | D:6      | Bought 2 potions of degeneration for 22 gold pieces
  4519 | D:6      | Bought a potion of brilliance for 44 gold pieces
  4519 | D:6      | Bought a potion of haste for 110 gold pieces
  4519 | D:6      | Bought a potion of invisibility for 88 gold pieces
  4594 | D:6      | Found an ornate altar of the Wu Jian Council.
  4739 | D:7      | Gained mutation: You passively map the area around you.
                  | [Deep Dwarf growth]
  4739 | D:7      | Reached XP level 9. HP: 36/80 MP: 10/10
  4741 | D:7      | Reached skill level 1 in Armour
  4744 | D:7      | Reached skill level 5 in Fighting
  4787 | D:7      | Noticed Joseph
  5048 | D:7      | Reached skill level 2 in Armour
  5048 | D:7      | Reached skill level 4 in Dodging
  5157 | D:7      | Reached skill level 7 in Invocations
  5180 | D:7      | Reached skill level 11 in Axes
  5249 | D:7      | Noticed Pikel
  5429 | D:8      | Reached skill level 3 in Armour
  5439 | D:8      | Reached *** piety under Makhleb
  5498 | D:8      | Reached skill level 5 in Dodging
  5587 | D:8      | Reached XP level 10. HP: 37/91 MP: 11/11
  5633 | D:8      | Noticed Grum
  5665 | D:8      | Reached skill level 8 in Invocations
  5671 | D:8      | Killed Grum
  5762 | D:8      | Found a blossoming altar of Fedhas.
  5764 | D:8      | Found an ancient bone altar of Kikubaaqudgha.
  5854 | D:8      | Noticed Erica
  5866 | D:8      | Killed Erica
  5866 | D:8      | Reached skill level 6 in Fighting
  5866 | D:8      | Reached skill level 12 in Axes
  5866 | D:8      | Reached skill level 4 in Armour
  5886 | D:8      | Found a shimmering blue altar of Sif Muna.
  6098 | D:8      | Found a stormy altar of Qazlal.
  6140 | D:8      | Found a runed translucent gate.
  6140 | D:8      | Found a runed translucent gate.
  6140 | D:8      | Found a runed translucent gate.
  6140 | D:8      | Noticed Gruesome's ghost (novice DrTm)
  6211 | D:9      | Noticed a two-headed ogre
  6230 | D:9      | HP: 1/91 [two-headed ogre/+0 giant spiked club (16)]
  6242 | D:9      | Slain by a two-headed ogre

Levels and vault maps discovered:
D:1:      dpeg_arrival_court, layout_basic
D:2:      layout_basic, first_ration, minmay_quadrilaterals, uniq_robin
D:3:      layout_rooms, nemelex_altar_shiori, fiery_altar_vehumet,
          skrybe_limestone_x, kennysheep_generic_room_13
D:4:      layout_rooms, tso_oasis_becter,
          nicolae_gozag_cash_rules_everything_around_me, lemuel_crystal_altar,
          kennysheep_mini_moat, amethyst_overflow_temple_binary, temple_green,
          enter_ossuary_1, gammafunk_ghost_nasty_kobolds
D:5:      layout_cave_pods, lemuel_altar_in_water, uniq_duvessa, uniq_eustachio
D:6:      layout_basic, nicolae_overflow_hidden_temple, elyvilon_altar_5,
          serial_shops, nicolae_shop_waterfront
D:7:      layout_loops_ring, the_bakery, uniq_joseph, uniq_pikel
D:8:      layout_basic, grunt_temple_overflow_growth_and_decay,
          lemuel_doored_altar, kennysheep_mini, ebering_ghost_rock_garden,
          uniq_grum, uniq_erica
D:9:      layout_basic, kennysheep_orc_monster_closet_entryway, zaba_anthole
Temple:   corrupted_temple

Skill      XL: |  1  2  3  4  5  6  7  8  9 10 |
---------------+-------------------------------+-----
Axes           | 4 5 6 7 8 9 10 11 12 | 12.0
Fighting       | 2 3 4 5 6 |  6.1
Invocations    | 1 2 4 6 7 8 |  8.4
Armour         | 3 4 |  4.3
Dodging        | 5 |  5.7
Throwing       | |  1.7

Action                   |  1- 3 |  4- 6 |  7- 9 | 10-12 || total
-------------------------+-------+-------+-------+-------++-------
Melee: War axe           |   105 |   333 |    47 |       ||   485
       Flail             |       |     2 |    78 |       ||    80
       Hand axe          |       |       |   283 |    73 ||   356
Throw: Boomerang         |       |     4 |    12 |     4 ||    20
 Abil: Heal Wounds       |       |     4 |     7 |     5 ||    16
Evoke: Wand              |       |       |       |     2 ||     2
  Use: Scroll            |       |     7 |     4 |       ||    11
       Potion            |       |       |       |     1 ||     1
  Eat: Chunk             |       |     7 |    10 |     2 ||    19
Armor: Scale mail        |    19 |       |       |       ||    19
       Chain mail        |    44 |   175 |       |       ||   219
       Plate armour      |       |     6 |   262 |    32 ||   300
Dodge: Dodged            |    53 |   112 |    64 |    13 ||   242
Block: Shield            |       |     1 |   174 |    23 ||   198

Table legend:
 A = Non-vault XP
 B = Vault XP
 C = Vault XP percentage of total XP
 D = Non-vault monster count
 E = Vault monster count
 F = Vault count percentage of total count
                 A         B        C        D         E       F
            +---------+---------+-------+---------+---------+-------
      Total |    5111 |    2415 |  32.1 |     188 |      54 |  22.3
            +---------+---------+-------+---------+---------+-------
        D:1 |      48 |       0 |   0.0 |      22 |       0 |   0.0
        D:2 |      90 |      46 |  33.8 |      26 |      17 |  39.5
        D:3 |      91 |       3 |   3.2 |      28 |       2 |   6.7
        D:4 |     229 |       0 |   0.0 |      15 |       0 |   0.0
        D:5 |     516 |     427 |  45.3 |      22 |       3 |  12.0
        D:6 |     702 |       0 |   0.0 |      20 |       0 |   0.0
        D:7 |    1394 |     201 |  12.6 |      22 |       1 |   4.3
        D:8 |    2041 |    1445 |  41.5 |      33 |       5 |  13.2
    Ossuary |       0 |     293 | 100.0 |       0 |      26 | 100.0
            +---------+---------+-------+---------+---------+-------
